 Dungeon Crawl Stone Soup version 0.24.0-1-gfbc8707122 (webtiles) character file.

Game seed: 13285586488190588591, levelgen mode: deterministic

3742 KapersCrawl the Grappler (level 9, 84/84 HPs)
             Began as a Troll Berserker on Oct 25, 2019.
             Was an Elder of Trog.
             Quit the game on level 7 of the Dungeon.
             The game lasted 00:19:25 (6492 turns).

KapersCrawl the Grappler (Troll Berserker)          Turns: 6492, Time: 00:19:26

Health: 84/84      AC:  7    Str: 29    XL:     9   Next: 93%
Magic:  8/8        EV: 10    Int:  4    God:    Trog [****..]
Gold:   307        SH:  0    Dex:  9    Spells: 8/8 levels left

rFire    + . .     SeeInvis .     - Unarmed
rCold    + . .     Gourm    +   (no shield)
rNeg     . . .     Faith    .   a - +1 animal skin
rPois    .         Spirit   .   (helmet restricted)
rElec    .         Reflect  .   m - scarf {rC+ rF+}
rCorr    .         Harm     .   (gloves unavailable)
MR       .....                  (boots unavailable)
Stlth    +.........             u - amulet of regeneration
HPRegen  1.04/turn              (no ring)
MPRegen  0.11/turn              (no ring)

@: no status effects
A: large, unfitting armour, claws 3, fast metabolism 3, gourmand, regeneration
1, shaggy fur 1, tough skin 3
a: Berserk, Trog's Hand, Brothers in Arms, Renounce Religion


You were on level 7 of the Dungeon.
You worshipped Trog.
Trog was greatly pleased with you.
You were very full.

You visited 1 branch of the dungeon, and saw 8 of its levels.

You collected 307 gold pieces.

Inventory:

Missiles
 b - 86 stones (quivered)
 k - 6 atropa-tipped darts
 o - 7 poisoned darts
Armour
 a - a +1 animal skin (worn)
 m - a scarf of resistance (worn)
Jewellery
 p - a cursed ring of attention {unknown}
 u - an amulet of regeneration (around neck)
 x - an uncursed amulet of the acrobat
Wands
 i - a wand of random effects (24)
 z - a wand of clouds (4)
Scrolls
 c - a scroll of enchant armour
 d - 2 scrolls of amnesia {unknown}
 f - a scroll of enchant weapon {unknown}
 h - a scroll of fog
 n - a scroll of random uselessness {unknown}
 r - 3 scrolls of teleportation
 s - a scroll of identify
 t - 2 scrolls of fear
 y - a scroll of blinking {unknown}
 A - 2 scrolls of remove curse {unknown}
 C - a scroll of torment {unknown}
Potions
 g - 3 potions of might
 j - 3 potions of lignification
 l - a potion of brilliance
 q - a potion of agility
 v - a potion of ambrosia
 w - a potion of haste
 B - 3 potions of curing
 D - a potion of heal wounds {unknown}
Comestibles
 e - 12 rations


   Skills:
 - Level 4.1 Fighting
 - Level 5.0 Throwing
 - Level 2.4 Dodging
 + Level 12.5 Unarmed Combat


You had 8 spell levels left.
You didn't know any spells.
Your spell library was empty.

Dungeon Overview and Level Annotations

Branches:
Dungeon (8/15)             Temple (0/1) D:6
   Lair: D:8-11

Altars:
Ashenzari
Nemelex Xobeh
Vehumet
Xom
The Shining One


Innate Abilities, Weirdness & Mutations

You are too large for most types of armour.
You have claws for hands.
Your metabolism is lightning-fast.
You like to eat raw meat.
Your natural rate of healing is unusually fast.
You are covered in fur. (AC +1)
You have extremely tough skin. (AC +3)


Message History

You throw a stone. The stone hits the shadow imp.
The shadow imp is heavily wounded.
Found 9 gold pieces.
You claw the shadow imp!
You kill the shadow imp!
Trog accepts your kill.
No target in view!
No target in view!
Found a ring mail.
b - 86 stones (gained 1)
You now have 307 gold pieces (gained 9).
e - 12 rations (gained 1)
You open the door.
An ogre comes into view. It is wielding a +0 giant spiked club.
Found 7 gold pieces.
Saving game... please wait.
Welcome back, KapersCrawl the Troll Berserker.
Trog says: Kill them all!
Press ? for a list of commands and other information.
Are you sure you want to abandon this character and quit the game? (Confirm with "yes".)

..#.##....##...........#######
#.#.##............##..........
.... #....###.#......#.######
#.####....# #.###.####.#
....[.... ###.....## #.#
...###.####........###.#
.......................#
....##.####........#####
................@###
.....#.#########'# .......#
... ...#.#.# ..... ...#...#
#...... ...##..# #...O...
##.##..# #.......# #.##..#
#$....... #....>#


You could see an ogre.

Vanquished Creatures
  A dancing weapon (D:8)
  Grinder (D:4)
  A vampire (D:8)
  Grum (D:8)
  4 ice beasts
  2 ogres
  A phantom (D:5)
  3 wolves (D:8)
  2 centaurs
  4 bullfrogs
  A water moccasin zombie (D:4)
  2 scorpions (D:5)
  A crimson imp (D:4)
  2 hounds (D:6)
  2 orc priests (D:4)
  5 orc wizards
  2 bullfrog skeletons
  An iguana (D:8)
  7 worker ants
  A statue (D:5)
  2 hound skeletons (D:5)
  5 gnolls
  8 adders
  A shadow imp (D:7)
  2 oozes
  An adder skeleton (D:4)
  3 worms
  A dart slug (D:3)
  3 leopard geckos
  24 orcs
  2 giant cockroaches
  6 goblins
  10 hobgoblins
  5 jackals
  5 quokkas
  A ball python (D:2)
  A ball python skeleton (D:5)
  8 bats
  3 frilled lizards
  A goblin zombie (D:4)
  3 hobgoblin zombies (D:4)
  6 kobolds
  2 kobold zombies (D:4)
  2 orc skeletons (D:4)
  An orc zombie (D:4)
  A quokka skeleton (D:4)
  7 rats
158 creatures vanquished.

Vanquished Creatures (collateral kills)
  The ghost of Mrkan the Cudgeler, a novice DsFi of Kikubaaqudgha (D:8)
  An ice beast (D:8)
2 creatures vanquished.

Grand Total: 160 creatures vanquished

Notes
Turn   | Place    | Note
-------+----------+-------------------------------------------
     0 | D:1      | KapersCrawl the Troll Berserker began the quest for the
                  | Orb.
     0 | D:1      | Reached XP level 1. HP: 22/22 MP: 0/0
   139 | D:1      | Reached XP level 2. HP: 29/29 MP: 1/1
   699 | D:1      | Reached skill level 4 in Unarmed Combat
  1243 | D:2      | Reached XP level 3. HP: 36/36 MP: 2/2
  1347 | D:2      | Reached ** piety under Trog
  1541 | D:2      | Found a shattered altar of Ashenzari.
  1573 | D:2      | Reached XP level 4. HP: 41/45 MP: 3/3
  2084 | D:3      | Reached skill level 5 in Unarmed Combat
  2331 | D:3      | Reached XP level 5. HP: 53/53 MP: 4/4
  2379 | D:3      | Reached *** piety under Trog
  2855 | D:4      | Found a glowing golden altar of the Shining One.
  2867 | D:4      | Reached skill level 6 in Unarmed Combat
  3071 | D:4      | Reached skill level 1 in Throwing
  3071 | D:4      | Reached XP level 6. HP: 54/61 MP: 5/5
  3576 | D:4      | Noticed Grinder
  3611 | D:4      | Killed Grinder
  3611 | D:4      | Reached skill level 5 in Throwing
  3611 | D:4      | Reached XP level 7. HP: 67/67 MP: 6/6
  4212 | D:5      | Entered Level 5 of the Dungeon
  4438 | D:5      | Identified the +6 plate armour "Vassoed" {SInv}
  4464 | D:5      | Received a gift from Trog
  4475 | D:5      | Found a radiant altar of Vehumet.
  4602 | D:5      | Reached XP level 8. HP: 76/78 MP: 7/7
  4621 | D:5      | Reached skill level 7 in Unarmed Combat
  4995 | D:5      | Reached skill level 8 in Unarmed Combat
  5217 | D:6      | Found a sparkling altar of Nemelex Xobeh.
  5239 | D:6      | Found a staircase to the Ecumenical Temple.
  5355 | D:6      | You fall into a shaft and drop 2 floors!
  5470 | D:8      | Reached skill level 9 in Unarmed Combat
  5617 | D:8      | Reached skill level 10 in Unarmed Combat
  5617 | D:8      | Reached XP level 9. HP: 84/84 MP: 8/8
  5622 | D:8      | Noticed Grum
  5671 | D:8      | Killed Grum
  5862 | D:8      | Reached **** piety under Trog
  5892 | D:8      | Reached skill level 11 in Unarmed Combat
  5960 | D:8      | Found a runed translucent door.
  5966 | D:8      | Found a shimmering altar of Xom.
  5966 | D:8      | Noticed Mrkan's ghost (novice DsFi)
  5966 | D:8      | Noticed a +0 short sword of chaos
  6020 | D:8      | Killed a +0 short sword of chaos
  6020 | D:8      | Reached skill level 12 in Unarmed Combat
  6024 | D:8      | Killed Mrkan's ghost
  6492 | D:7      | Upgraded the game from 0.24.0 to 0.24.0-1-gfbc8707122
  6492 | D:7      | Quit the game

Levels and vault maps discovered:
D:1:      wander_arrival_desolate, layout_basic
D:2:      layout_basic, ashenzari_altar_1, minmay_pentomino_p4
D:3:      layout_rooms, first_ration, nicolae_underground_beach
D:4:      layout_layer_cave, nicolae_tso_besieged_by_evil, uniq_grinder
D:5:      layout_loops_corners, vehumet_statue, corexii_shack
D:6:      layout_basic, eat_drink_and_be_merry_uskayaw, kennysheep_mini_moat,
          minmay_temple_entry_antechambers, serial_shops,
          nicolae_shop_behind_doors, basic_altar, minmay_misc_feat_diagonals,
          grunt_tough_drop, uniq_prince_ribbit1
D:7:      layout_basic, old_standard_altar, grunt_temple_overflow_cloverleaf,
          uniq_pikel
D:8:      layout_loops_ring, ebering_ghost_xom, uniq_grum

Skill      XL: |  1  2  3  4  5  6  7  8  9 |
---------------+----------------------------+-----
Unarmed Combat | 4 5 6 10 12 | 12.5
Fighting       | 3 4 |  4.1
Throwing       | 1 5 |  5.0
Dodging        | |  2.4

Action                   |  1- 3 |  4- 6 |  7- 9 || total
-------------------------+-------+-------+-------++-------
Melee: Unarmed           |    73 |   150 |   210 ||   433
       Punch             |       |     4 |     9 ||    13
Throw: Stone             |    48 |    97 |    40 ||   185
       Dart              |       |     6 |     7 ||    13
Invok: Berserk           |     2 |     2 |     1 ||     5
       Trog's Hand       |       |     3 |     1 ||     4
       Brothers in Arms  |       |       |     1 ||     1
  Use: Scroll            |       |    10 |     2 ||    12
 Stab: Distracted        |       |     1 |       ||     1
       Invisible         |       |       |     1 ||     1
  Eat: Chunk             |    22 |    10 |    29 ||    61
       Ration            |       |     1 |     2 ||     3
Armor: Animal skin       |    25 |    49 |    43 ||   117
Dodge: Dodged            |    19 |    62 |    88 ||   169
